 Dungeon Crawl Stone Soup version 0.31-a0-1237-gabc64e778c (webtiles) character file.

Game seed: 15369766547608604351

243218 gelatine the Blocker (level 18, -6/171 HPs)
             Began as a Demonspawn Fighter on Dec 15, 2023.
             Was the Champion of Jiyva.
             Killed from afar by a starcursed mass (8 damage)
             ... with an accursed screaming
             ... on level 2 of the Swamp.
             The game lasted 02:03:56 (30466 turns).

gelatine the Blocker (Demonspawn Fighter)          Turns: 30466, Time: 02:03:56

Health: -6/171     AC: 38    Str: 24      XL:     18   Next: 70%
Magic:  11/23      EV: 10    Int:  9 (10) God:    Jiyva [******]
Gold:   1185       SH: 14    Dex: 11 (12) Spells: 24/28 levels left

rFire   + + +        i - +7 spear of Wyrd {heavy, +Blink Will+ rCorr}
rCold   + + +        c - +2 buckler "Tulil" {-Cast rElec rC++ Slay+6}
rNeg    . . .        e - +9 plate armour "Wixtoppu" {rC+ SInv}
rPois   +            (helmet unavailable)
rElec   +            I - +2 cloak
rCorr   +            F - +2 pair of gloves {infuse}
SInv    +            b - +2 pair of boots
Will    +++..        V - amulet of reflection Stlth
                     z - ring of willpower
HPRegen 1.60/turn    M - +4 ring of protection
MPRegen 0.68/turn

%: no spellcasting, reflection, infuse magic (1 MP)
@: slimy, on blink cooldown, calling ooze, inhibited regen
A: horns 3, slimy green scales 3, ignite blood 2, robust 2, see invisible, fire
resistance 3, eyeballs 1, pseudopods 2, tendrils, noise suppression, [low MP 1],
[inhibited regeneration], [no potion heal 2], [inability to read after injury 2]
}: 2/15 runes: decaying, serpentine
a: Renounce Religion, Evoke Blink, Oozemancy, Slimify


You were on level 2 of the Swamp.
You worshipped Jiyva.
Jiyva was exalted by your worship.
You visited 6 branches of the dungeon, and saw 31 of its levels.
You also visited: Sewer.

You collected 2526 gold pieces.
You spent 1341 gold pieces at shops.

Inventory:

Hand Weapons
 d - the +10 dagger of Intuition {venom, Will+ SInv}
   (You found it on level 5 of the Lair of Beasts)

   Will+:     It increases your willpower.
   SInv:      It lets you see invisible.
 i - the +7 spear of Wyrd (weapon) {heavy, +Blink Will+ rCorr}
   (You found it on level 5 of the Dungeon)

   Will+:     It increases your willpower.
   +Blink:    It lets you blink.
   rCorr:     It protects you from acid and corrosion.
 S - the +9 sword of Zonguldrok {reap}
   (You found it on level 15 of the Dungeon)
Missiles
 n - 2 darts of dispersal
 o - 11 curare-tipped darts
 w - 2 silver javelins
 J - 7 javelins
 Q - 2 atropa-tipped darts
 X - 3 boomerangs (quivered)
Armour
 b - a +2 pair of boots (worn)
 c - the +2 buckler "Tulil" (worn) {-Cast rElec rC++ Slay+6}
   (You acquired it on level 4 of the Lair of Beasts)

   Slay+6:    It affects your accuracy & damage with ranged weapons and melee
   (+6).
   rC++:      It greatly protects you from cold.
   rElec:     It insulates you from electricity.
   -Cast:     It prevents spellcasting.
 e - the +9 plate armour "Wixtoppu" (worn) {rC+ SInv}
   (You acquired it on level 5 of the Lair of Beasts)

   rC+:       It protects you from cold.
   SInv:      It lets you see invisible.
 s - a +0 kite shield of reflection
 C - a +0 tower shield
 F - a +2 pair of gloves of infusion (worn)
 I - a +2 cloak (worn)
 N - a +1 leather armour of fire resistance
 W - a +2 leather armour of cold resistance
Jewellery
 x - a ring of ice
 z - a ring of willpower (left hand)
 M - a +4 ring of protection (right hand)
 R - a ring of fire
 V - an amulet of reflection (around neck)
Wands
 q - a wand of digging (12)
 v - a wand of mindburst (40)
 G - a wand of paralysis (37)
 H - a wand of polymorph (12)
 O - a wand of quicksilver (10)
 T - a wand of roots (16)
Scrolls
 h - 2 scrolls of fog
 k - 6 scrolls of teleportation
 r - a scroll of silence
 y - 2 scrolls of poison
 B - a scroll of summoning
 E - 2 scrolls of fear
 K - 9 scrolls of revelation
 L - a scroll of amnesia
 Y - a scroll of vulnerability
 Z - 2 scrolls of enchant weapon
Potions
 a - 2 potions of magic
 f - 11 potions of curing
 g - 7 potions of brilliance
 j - 2 potions of cancellation
 l - 3 potions of invisibility
 m - 6 potions of haste
 p - a potion of ambrosia
 t - 3 potions of resistance
 D - 3 potions of might
 P - a potion of heal wounds
 U - a potion of enlightenment
Miscellaneous
 u - a tin of tremorstones (inert)
 A - a phantom mirror


   Skills:
 * Level 13.0 Fighting
 + Level 5.4(10.7) Axes
 * Level 14.2(14.6) Polearms
 + Level 4.6 Throwing
 * Level 13.5 Armour
 * Level 10.0 Dodging
 + Level 3.2 Stealth
 * Level 14.5 Shields
 - Level 5.5 Spellcasting
 - Level 2.9 Translocations
 - Level 5.5 Air Magic
 - Level 5.6 Poison Magic
 * Level 11.0 Evocations


You had 24 spell levels left.
You knew the following spells:

 Your Spells              Type           Power      Damage    Failure   Level
a - Poisonous Vapours     Pois/Air       24%        N/A       32%         2
b - Blink                 Tloc           14%        N/A       69%         2

Your spell library contained the following spells:

 Spells                   Type           Power      Damage    Failure   Level
 Apportation              Tloc           14%        N/A       54%         1
 Lesser Beckoning         Tloc           14%        N/A       69%         2
 Static Discharge         Conj/Air       14%        3-4/arc   71%         2
 Mephitic Cloud           Conj/Pois/Air  9%         N/A       82%         3
 Gell's Gravitas          Tloc           7%         N/A       89%         3
 Teleport Other           Tloc           7%         N/A       89%         3
 Necrotise                Necr           8%         1d4       92%         1
 Slow                     Hex            8%         N/A       92%         1
 Summon Small Mammal      Summ           8%         N/A       92%         1
 Ensorcelled Hibernation  Hex/Ice        4%         N/A       98%         2
 Jinxbite                 Hex            4%         N/A       98%         2
 Call Canine Familiar     Summ           2%         N/A       100%        3
 Confusing Touch          Hex            2%         N/A       100%        3
 Sigil of Binding         Hex            2%         N/A       100%        3
 Tukima's Dance           Hex            2%         N/A       100%        3
 Vampiric Draining        Necr           2%         2d6       100%        3
 Anguish                  Hex/Necr       1%         N/A       100%        4
 Dimensional Bullseye     Hex/Tloc       2%         N/A       100%        4
 Iskenderun's Mystic Bla  Conj/Tloc      5%         2d3       100%        4
 Leda's Liquefaction      Hex/Erth       1%         N/A       100%        4
 Manifold Assault         Tloc           7%         N/A       100%        4
 Passage of Golubria      Tloc           7%         N/A       100%        4
 Freezing Cloud           Conj/Ice/Air   2%         6-21      100%        5
 Lee's Rapid Deconstruct  Erth           1%         3d4*      100%        5
 Yara's Violent Unravell  Hex/Tmut       1%         3d3       100%        5
 Bombard                  Conj/Erth      1%         9d1       100%        6
 Conjure Ball Lightning   Conj/Air       3%         3x3d6     100%        6
 Starburst                Conj/Fire      1%         6d3       100%        6


Dungeon Overview and Level Annotations

Branches:
Dungeon (15/15)            Temple (1/1) D:4            Lair (5/5) D:11
  Swamp (4/4) Lair:3        Snake (4/4) Lair:3        Slime (0/5) Lair:5
    Orc (2/2) D:12            Elf (0/3) Orc:2        Vaults (0/5) D:14
 Depths (0/4) D:15          Sewer (visited)

Altars:
Ashenzari
Cheibriados
Dithmenos
Fedhas
Gozag
Hepliaklqana
Kikubaaqudgha
Makhleb
Nemelex Xobeh
Okawaru
Qazlal
Ru
Sif Muna
Trog
Uskayaw
Vehumet
Wu Jian
Xom
Yredelemnul
Jiyva

Shops:
D:3 =   D:4 :   D:6 [   D:9 *   D:10 [   D:14 (   D:15 *   Orc:2 :[(
Snake:2 :=:

Portals:
Abyss: Swamp:2

Annotations:
Swamp:2 1 transporter, Ruqos's ghost, adept MiBe


Innate Abilities, Weirdness & Mutations

You have a pair of large horns on your head.
You are completely covered in slimy green scales. (AC +4, rPois)
Your demonic aura often causes spilled blood to erupt in flames.
You are very robust. (+20% HP)
You have supernaturally acute eyesight. (SInv)
Your flesh is almost immune to the effects of heat. (rF+++)
Your body has grown eyes which may confuse attackers. (Acc +3)
Armour fits poorly on your large pseudopods.
You are covered in slimy tendrils that may disarm your opponents.
You passively dampen the noise of your surroundings.
[Your magical capacity is low. (-10% MP)]
[You do not regenerate when monsters are visible.]
[Potions cannot restore your health.]
[You sometimes lose the ability to read scrolls when taking damage.]


Message History

You closely miss Ruqos's ghost.
Ruqos's ghost is heavily damaged.
The wall burns the worldbinder!
The walls burn the starcursed mass!
A starcursed mass splits.
The starcursed mass shudders and is absorbed by its neighbour.
The wall burns Ruqos's ghost!
You block Ruqos's ghost's attack.
Unknown command.
You hit Ruqos's ghost.
Ruqos's ghost is heavily damaged.
The walls burn the worldbinder!
You block the worldbinder's attack.
The worldbinder hits you but does no damage.
The wall burns Ruqos's ghost!
Ruqos's ghost hits you!
* * * LOW HITPOINT WARNING * * *
Ruqos's ghost burns you.
* * * LOW HITPOINT WARNING * * *
You blink.
The walls burn the worldbinder!
The worldbinder calls forth creatures from the Swamp!
The walls burn the starcursed mass!
The starcursed mass shrieks in your mind.
* * * LOW HITPOINT WARNING * * *
The wall burns Ruqos's ghost!
The walls burn the worldbinder!
The walls burn the starcursed mass!
A starcursed mass splits.
The starcursed mass shudders and is absorbed by its neighbour.
A chorus of shrieks assaults your mind.
* * * LOW HITPOINT WARNING * * *
The wall burns Ruqos's ghost!
The walls burn the bog body!
The walls burn the bog body!
The wall burns the worldbinder!
The starcursed mass shrieks in your mind.
* * * LOW HITPOINT WARNING * * *
The wall burns the worldbinder!
Unknown command.
Okay, then.
Okay, then.
You puncture the worldbinder! You bludgeon the worldbinder.
You destroy the worldbinder!
The bog body disappears in a puff of smoke!
A chorus of shrieks assaults your mind.
You die...

~~.~~~~~~~~....####..##..##X#...~
~~~~~>...~♣♣..##2...?u#J.#hh#....
~~~~..~~.♣♣...#.?....##..##.##..~
~~~~..~§~.....##..^###...##..#...
♣♣♣♣♣.~~~......##X.#....##...#..~
≈≈≈≈♣~~...§....##.∩##.###...##...
≈≈≈≈♣§~~..~~..##....###X.X###.(..
~~~≈♣~~~...§..#©.....©.#.!#J....~
^~~≈♣~~~~..~..##@.♣♣.†....##.....
~~~≈♣~~~.~~~...##.♣#$.W....##....
≈~≈≈♣.~~~.......#..§.####.^.##..~
≈≈≈≈♣~.~~~~....##...##J.#♣...#..~
♣♣♣♣♣♣~~~~~....#.[###[..###)##...
♣♣♣.~~~~...####.......###....
♣♣..~~~§~.....J..............~
♣...~~~~~....................~
♣♣...~~~~~~.~~..~.....~.~♣..~~


You could see 2 starcursed masses and a neutral jelly (wandering) (fellow
slime).

Vanquished Creatures
  Vashnia (Snake:3)
  A bone dragon (D:15)
  Rupert (Snake:1)
  Mlioglotl (Lair:3)
  Jorgrun (Swamp:1)
  Frances (Snake:1)
  Agnes (D:15)
  A thorn hunter (Swamp:4)
  Aizul (Snake:1)
  Kirke (Snake:4)
  The ghost of Qitorr the Bludgeoner, an adept FoFi of Zin (D:15)
  Donald (Snake:3)
  4 nagarajas (Snake:4)
  Louise (Snake:4)
  2 cacodemons (Swamp:2)
  A very ugly thing (Swamp:2)
  2 green draconians (Swamp:1)
  3 eleionomae
  4 bunyips
  A shambling mangrove (Swamp:1)
  A quicksilver dragon zombie (D:15)
  An entropy weaver (shapeshifter) (D:14)
  Josephine (D:15)
  2 vault guards (D:14)
  A catoblepas (D:15)
  6 alligators
  2 centaur warriors (D:14)
  5 ghost crabs (Swamp:1)
  16 hydras
  4 salamander tyrants
  4 anacondas
  5 boulder beetles
  2 two-headed ogres
  11 naga warriors
  A sphinx skeleton (D:15)
  4 orc high priests (Orc:2)
  A thrashing horror (Swamp:2)
  22 naga sharpshooters
  2 spriggan berserkers (Swamp:4)
  4 tengu warriors
  Urug (Lair:5)
  A wretched star (Swamp:2)
  8 shock serpents
  Sonja (Lair:3)
  3 skysharks
  7 salamander mystics
  5 goliath frogs
  16 skeletal warriors
  12 swamp dragons
  A large abomination (Swamp:2)
  A fire crab (D:11)
  A flayed ghost (D:15)
  9 spriggan druids
  2 arcanists (D:14)
  An orc knight (Orc:2)
  3 necromancers
  11 bog bodies
  3 deep elf pyromancers
  7 naga ritualists
  9 mana vipers
  4 orc sorcerers (Orc:2)
  3 wolf spider zombies (D:15)
  5 cyclopes
  14 salamanders
  5 will-o-the-wisps
  23 ugly things
  Maurice (D:8)
  A worldbinder (Swamp:2)
  A kobold blastminer (Orc:1)
  28 black mambas
  5 elephants (Lair:5)
  5 centaur zombies (D:15)
  4 apocalypse crabs (Swamp:1)
  19 naga magi
  3 guardian serpents
  4 torpor snails
  10 cane toads
  A kobold demonologist (D:12)
  7 centaur skeletons (D:15)
  An unseen horror (D:13)
  A yaktaur (D:14)
  10 rime drakes
  2 gargoyles
  A freezing wraith (D:14)
  11 komodo dragons
  A redback zombie (D:15)
  A tengu conjurer (D:14)
  5 trolls
  5 polar bears
  9 meliai
  2 bloated husks
  12 tyrant leeches
  16 hornets
  3 meliai zombies (D:15)
  10 dream sheep
  2 raiju (Swamp:2)
  22 blink frogs
  A centaur simulacrum (D:13)
  49 yaks
  21 spriggans
  4 vampires
  A shadow (D:7)
  7 wyverns
  A hog (Snake:4)
  9 wraiths
  3 basilisks
  A human (shapeshifter) (D:13)
  18 humans
  17 vampire mosquitoes
  13 swamp worms
  10 wargs
  43 nagas
  19 water moccasins
  Pargi (Sewer)
  14 swamp drakes
  13 orc warriors
  2 sky beasts
  4 black bears
  4 ogres
  3 boggarts (Lair:5)
  19 wolves
  11 centaurs
  A brain worm (Sewer)
  A kobold brigand (D:11)
  16 bullfrogs
  A gnoll sergeant (D:8)
  2 scorpions (D:5)
  2 troll zombies (Swamp:2)
  9 killer bees
  A troll skeleton (Swamp:2)
  3 electric eels (Lair:2)
  3 howler monkeys (D:8)
  A lava snake (Lair:2)
  7 jellies
  A gnoll bouda (Lair:5)
  6 hounds
  21 orc priests
  4 iguanas
  4 sleepcaps
  Ijyb (D:4)
  4 hell rats (Lair:1)
  Natasha (thrice) (D:2)
  22 orc wizards
  A statue (D:6)
  A boggart skeleton (D:15)
  11 gnolls
  8 adders
  A shadow imp (D:7)
  2 white imps
  A worm (D:3)
  5 dart slugs
  83 orcs
  8 ball pythons
  6 endoplasms
  4 giant cockroaches
  6 hobgoblins
  13 jackals
  7 kobolds
  5 quokkas
  12 bats
  4 frilled lizards
  4 goblins
  6 rats
1073 creatures vanquished.

Vanquished Creatures (others)
  A centaur warrior (D:15)
  A spriggan druid (Swamp:1)
  A tyrant leech (Swamp:3)
  3 bloated husks
  4 slime creatures (D:15)
  A hog (Snake:4)
  A human (Snake:4)
  A swamp worm (Swamp:3)
  2 nagas (Snake:3)
  2 swamp drakes
  57 jellies
  6 orc priests (Orc:2)
  3 orcs (Orc:2)
  18 foxfires
101 creatures vanquished.

Grand Total: 1174 creatures vanquished

Notes
Turn   | Place    | Note
-------+----------+-------------------------------------------
     0 | D:1      | gelatine the Demonspawn Fighter began the quest for the
                  | Orb.
     0 | D:1      | Reached XP level 1. HP: 18/18 MP: 1/1
   125 | D:1      | Gained mutation: You are partially covered in slimy green
                  | scales. (AC +2) [demonic ancestry]
   125 | D:1      | Reached XP level 2. HP: 17/24 MP: 2/2
   585 | D:1      | Gained mutation: Your demonic aura sometimes causes spilled
                  | blood to erupt in flames. [demonic ancestry]
   585 | D:1      | Reached XP level 3. HP: 27/29 MP: 3/3
  1006 | D:2      | Noticed Natasha
  1016 | D:2      | Killed Natasha
  1017 | D:2      | Gained mutation: Your demonic aura often causes spilled
                  | blood to erupt in flames. [demonic ancestry]
  1017 | D:2      | Reached XP level 4. HP: 17/35 MP: 4/4
  1179 | D:2      | Noticed Natasha
  1191 | D:2      | Killed Natasha
  1287 | D:2      | Noticed Natasha
  1293 | D:2      | Killed Natasha
  1294 | D:2      | Reached skill level 1 in Dodging
  1295 | D:2      | Gained mutation: You are mostly covered in slimy green
                  | scales. (AC +3) [demonic ancestry]
  1295 | D:2      | Reached XP level 5. HP: 40/41 MP: 5/5
  1717 | D:3      | Noticed a great orb of eyes
  1721 | D:3      | Found a faded altar of an unknown god.
  1722 | D:3      | Noticed an eye of devastation
  1722 | D:3      | Noticed a golden eye
  1722 | D:3      | Noticed a glass eye
  1826 | D:3      | Found Wodeshiph's Jewellery Shoppe.
  2108 | D:4      | Got the Grimoire of Injury
  2224 | D:4      | Noticed Ijyb
  2225 | D:4      | Killed Ijyb
  2238 | D:4      | Reached XP level 6. HP: 43/48 MP: 6/6
  2509 | D:4      | Found a staircase to the Ecumenical Temple.
  2533 | Temple   | Entered the Ecumenical Temple
  2586 | D:4      | Found a glowing drain.
  2590 | Sewer    | Entered a sewer
  2702 | Sewer    | Noticed Pargi
  2709 | Sewer    | Killed Pargi
  2710 | Sewer    | Gained mutation: You have a pair of small horns on your
                  | head. [demonic ancestry]
  2710 | Sewer    | Reached XP level 7. HP: 51/54 MP: 7/7
  2909 | D:4      | Found Iso Toze's Book Shop.
  3195 | D:5      | Entered Level 5 of the Dungeon
  3341 | D:5      | Reached skill level 5 in Axes
  3473 | D:5      | Identified the +7 spear of Wyrd {heavy, +Blink Will+ rCorr}
  3625 | D:5      | Learned a level 2 spell: Poisonous Vapours
  3685 | D:5      | Reached skill level 1 in Air Magic
  3750 | D:5      | Reached XP level 8. HP: 60/60 MP: 8/8
  4064 | D:5      | Found a sacrificial altar of Ru.
  4139 | D:6      | Reached skill level 1 in Polearms
  4194 | D:6      | Reached skill level 1 in Throwing
  4256 | D:6      | Reached skill level 1 in Evocations
  4425 | D:6      | Found Yluzoiva's Antique Armour Emporium.
  4435 | D:6      | Bought a pair of embroidered boots for 195 gold pieces
  4435 | D:6      | Bought a cloak for 117 gold pieces
  4499 | D:6      | Reached skill level 1 in Poison Magic
  4536 | D:6      | Found a radiant altar of Vehumet.
  4547 | D:6      | Reached skill level 1 in Spellcasting
  4701 | D:6      | Found a sparkling altar of Nemelex Xobeh.
  4701 | D:6      | Found a hazy altar of Hepliaklqana.
  4708 | D:6      | Found a bloodstained altar of Trog.
  4710 | D:6      | Found an ancient bone altar of Kikubaaqudgha.
  4712 | D:6      | Found an iron altar of Okawaru.
  4903 | D:7      | Found a hide-covered altar of Uskayaw.
  5127 | D:7      | Reached XP level 9. HP: 66/66 MP: 9/11
  5646 | D:6      | Bought a shiny ring mail for 182 gold pieces
  5881 | D:8      | Reached skill level 5 in Fighting
  5921 | D:8      | Noticed Maurice
  5930 | D:8      | Killed Maurice
  5931 | D:8      | Reached skill level 5 in Polearms
  5931 | D:8      | Reached skill level 5 in Armour
  6146 | D:8      | Reached skill level 1 in Stealth
  6675 | D:9      | Reached skill level 5 in Shields
  6690 | D:9      | Reached XP level 10. HP: 18/74 MP: 13/13
  6915 | D:9      | Found Diera's General Store.
  6920 | D:9      | Bought a scroll of revelation for 82 gold pieces
  6925 | D:9      | Noticed a two-headed ogre
  6932 | D:9      | Killed a two-headed ogre
  7630 | D:10     | Entered Level 10 of the Dungeon
  7816 | D:10     | Reached XP level 11. HP: 63/81 MP: 16/16
  8279 | D:10     | Found Enlul's Antique Armour Emporium.
  8365 | D:10     | Bought an embroidered cloak for 225 gold pieces
  8676 | D:11     | HP: 1/81 [vampire/vampiric draining (15)]
  9006 | D:11     | Noticed a two-headed ogre
  9015 | D:11     | Killed a two-headed ogre
  9171 | D:11     | Reached skill level 5 in Dodging
  9231 | D:11     | Found a staircase to the Lair.
  9231 | D:11     | Noticed a fire crab
  9248 | D:11     | Killed a fire crab
  9908 | D:12     | Reached skill level 5 in Evocations
 10096 | Lair:1   | Entered Level 1 of the Lair of Beasts
 11143 | Lair:2   | Reached XP level 12. HP: 67/89 MP: 19/19
 11365 | Lair:2   | Noticed a six-headed hydra
 11371 | Lair:2   | Killed a six-headed hydra
 11372 | Lair:2   | Reached skill level 5 in Poison Magic
 11493 | Lair:2   | Reached skill level 5 in Air Magic
 11647 | Lair:2   | Reached skill level 5 in Spellcasting
 11907 | Lair:2   | Learned a level 2 spell: Blink
 12168 | Lair:2   | Noticed a six-headed hydra
 12174 | Lair:2   | Killed a six-headed hydra
 12373 | Lair:2   | Found a snail-covered altar of Cheibriados.
 12776 | Lair:2   | Identified the +8 mace "Juqonwurch" {holy, rPois}
 13124 | Lair:3   | Reached skill level 1 in Translocations
 13548 | Lair:3   | Noticed Sonja
 13553 | Lair:3   | Killed Sonja
 13627 | Lair:3   | Found a staircase to the Swamp.
 13635 | Lair:3   | Gained mutation: You are completely covered in slimy green
                  | scales. (AC +4, rPois) [demonic ancestry]
 13635 | Lair:3   | Reached XP level 13. HP: 52/97 MP: 21/21
 14177 | Lair:3   | Found a staircase to the Snake Pit.
 14728 | Lair:4   | Identified 3 scrolls of acquirement
 14728 | Lair:4   | Acquired the +2 buckler "Tulil" {-Cast rElec rC++ Slay+6}
 15512 | Lair:5   | Entered Level 5 of the Lair of Beasts
 15578 | Lair:5   | Reached skill level 10 in Polearms
 15667 | Lair:5   | Acquired a +3 heavy bardiche
 15668 | Lair:5   | Acquired the +9 plate armour "Wixtoppu" {rC+ SInv}
 15993 | Lair:5   | Identified the +10 dagger of Intuition {venom, Will+ SInv}
 16382 | Lair:5   | Gained mutation: You are robust. (+10% HP) [demonic
                  | ancestry]
 16382 | Lair:5   | Reached XP level 14. HP: 99/116 MP: 19/22
 16539 | Lair:5   | Noticed Urug
 16571 | Lair:5   | Killed Urug
 16909 | Lair:5   | Found a staircase to the Slime Pits.
 16909 | Lair:5   | Found a viscous altar of Jiyva.
 16917 | Lair:5   | Became a worshipper of Jiyva Judagyot the Shapeless
 17319 | Snake:1  | Entered Level 1 of the Snake Pit
 17319 | Snake:1  | Found a blossoming altar of Fedhas.
 17684 | Snake:1  | Reached * piety under Jiyva
 17890 | Snake:1  | Noticed Frances
 17903 | Snake:1  | Killed Frances
 17965 | Snake:1  | Identified the serpent talisman of Nuack {rC- Will+++
                  | Str+7}
 17965 | Snake:1  | Noticed Aizul
 17982 | Snake:1  | Killed Aizul
 18137 | Snake:1  | Noticed Rupert
 18148 | Snake:1  | Killed Rupert
 18270 | Snake:1  | Reached ** piety under Jiyva
 18962 | Snake:2  | Found a basalt altar of Yredelemnul.
 18977 | Snake:2  | Reached skill level 10 in Armour
 19228 | Snake:2  | Reached XP level 15. HP: 113/124 MP: 10/23
 19441 | Snake:2  | Found a broken altar of Ashenzari.
 19538 | Snake:2  | Found Unuxtys's Book Shoppe.
 19543 | Snake:2  | Found Paza's Jewellery Boutique.
 19553 | Snake:2  | Found Iqeuxtir's Book Shoppe.
 19580 | Snake:2  | Bought an amulet of reflection for 540 gold pieces
 19617 | Snake:2  | Found a hazy altar of Hepliaklqana.
 19816 | Snake:3  | Noticed Donald
 19830 | Snake:3  | Killed Donald
 19975 | Snake:3  | Reached *** piety under Jiyva
 20036 | Snake:3  | Gained mutation: You expend magic power (3 MP) to
                  | strengthen your wands. [Jiyva's grace]
 20036 | Snake:3  | Gained mutation: Armour fits poorly on your pseudopods.
                  | [Jiyva's grace]
 20036 | Snake:3  | Gained mutation: Armour fits poorly on your large
                  | pseudopods. [Jiyva's grace]
 20036 | Snake:3  | Gained mutation: Armour fits poorly on your massive
                  | pseudopods. [Jiyva's grace]
 20141 | Snake:3  | Noticed Vashnia
 20155 | Snake:3  | Killed Vashnia
 20156 | Snake:3  | Reached skill level 10 in Shields
 20165 | Snake:3  | Reached skill level 10 in Fighting
 20390 | Snake:4  | Entered Level 4 of the Snake Pit
 20635 | Snake:4  | Noticed Louise
 20666 | Snake:4  | Killed Louise
 20782 | Snake:4  | HP: 6/128 [naga sharpshooter/bolt (13)]
 20819 | Snake:4  | Reached XP level 16. HP: 59/135 MP: 14/24
 21120 | Snake:4  | Noticed Kirke
 21726 | Snake:4  | Killed Kirke
 22005 | Snake:4  | Got a serpentine rune of Zot
 22250 | Swamp:1  | Entered Level 1 of the Swamp
 22250 | Swamp:1  | Noticed Mlioglotl
 22442 | D:12     | Reached **** piety under Jiyva
 22465 | D:12     | Found a staircase to the Orcish Mines.
 22773 | D:12     | Lost mutation: Armour fits poorly on your massive
                  | pseudopods. [Jiyva's grace]
 22773 | D:12     | Gained mutation: Armour fits poorly on your massive
                  | pseudopods. [Jiyva's grace]
 22773 | D:12     | Gained mutation: You have hidden genetic potential.
                  | [Jiyva's grace]
 22773 | D:12     | Gained mutation: You have great hidden genetic potential.
                  | [Jiyva's grace]
 22773 | D:12     | Gained mutation: Your system is resistant to poisons.
                  | (rPois) [Jiyva's grace]
 22841 | D:12     | Reached ***** piety under Jiyva
 22957 | Orc:1    | Entered Level 1 of the Orcish Mines
 23129 | Orc:2    | Entered Level 2 of the Orcish Mines
 23295 | Orc:2    | Found Eguqaran's Weapon Boutique.
 23343 | Orc:2    | Gained mutation: Your body sometimes deteriorates upon
                  | taking damage. [a neqoxec]
 23402 | Orc:2    | Found Jato's Book Boutique.
 23419 | Orc:2    | Found Caiquvve's Distillery.
 23764 | Orc:2    | Found a staircase to the Elven Halls.
 23811 | Orc:2    | Found Goiqetup's Armour Shop.
 24195 | D:13     | Lost mutation: Armour fits poorly on your massive
                  | pseudopods. [Jiyva's grace]
 24195 | D:13     | Gained mutation: Your spells are a little harder to cast,
                  | but a little more powerful. [Jiyva's grace]
 24195 | D:13     | Gained mutation: Your spells are harder to cast, but more
                  | powerful. [Jiyva's grace]
 24195 | D:13     | Gained mutation: Your spells are much harder to cast, but
                  | much more powerful. [Jiyva's grace]
 24195 | D:13     | Gained mutation: You have acidic saliva. [Jiyva's grace]
 24417 | D:13     | Reached ****** piety under Jiyva
 25336 | D:14     | Gained mutation: You have a pair of horns on your head.
                  | [demonic ancestry]
 25336 | D:14     | Reached XP level 17. HP: 144/144 MP: 23/25
 25502 | D:14     | Found Pugican's Weapon Shop.
 25551 | D:14     | Lost mutation: Your system is resistant to poisons. (rPois)
                  | [Jiyva's grace]
 25551 | D:14     | Gained mutation: You are covered in slimy tendrils that may
                  | disarm your opponents. [Jiyva's grace]
 25551 | D:14     | Gained mutation: You have a small jelly attached to you
                  | that senses nearby items. [Jiyva's grace]
 25551 | D:14     | Gained mutation: Armour fits poorly on your massive
                  | pseudopods. [Jiyva's grace]
 25551 | D:14     | Gained mutation: Your mind is acute. (Int +4, Str/Dex -1)
                  | [Jiyva's grace]
 25785 | D:14     | Found a gate to the Vaults.
 26348 | D:15     | Entered Level 15 of the Dungeon
 26481 | D:15     | Found a sparkling altar of Nemelex Xobeh.
 26541 | D:15     | Found Sosupnin's Assorted Antiques.
 26577 | D:15     | Noticed Josephine
 26583 | D:15     | Killed Josephine
 26613 | D:15     | Found a staircase to the Depths.
 26650 | D:15     | Gained mutation: You are very robust. (+20% HP) [hidden
                  | potential]
 26678 | D:15     | Noticed Agnes
 26685 | D:15     | Killed Agnes
 26800 | D:15     | Reached skill level 10 in Evocations
 26926 | D:15     | Found a large runed translucent door.
 26926 | D:15     | Found a large runed translucent door.
 26928 | D:15     | Noticed Qitorr's ghost (adept FoFi)
 27052 | D:15     | Noticed a bone dragon
 27078 | D:15     | Killed a bone dragon
 27098 | D:15     | Found the +9 sword of Zonguldrok {reap}
 27259 | D:15     | Killed Qitorr's ghost
 27447 | Lair:3   | Killed Mlioglotl
 27771 | Swamp:1  | Found a runed translucent door.
 27924 | Swamp:1  | Lost mutation: Your spells are much harder to cast, but
                  | much more powerful. [Jiyva's grace]
 27924 | Swamp:1  | Lost mutation: Your spells are harder to cast, but more
                  | powerful. [Jiyva's grace]
 27924 | Swamp:1  | Lost mutation: Armour fits poorly on your massive
                  | pseudopods. [Jiyva's grace]
 27924 | Swamp:1  | Lost mutation: You are covered in slimy tendrils that may
                  | disarm your opponents. [Jiyva's grace]
 27924 | Swamp:1  | Lost mutation: You have a small jelly attached to you that
                  | senses nearby items. [Jiyva's grace]
 27924 | Swamp:1  | Gained mutation: Your body has grown eyes which may confuse
                  | attackers. (Acc +3) [Jiyva's grace]
 27924 | Swamp:1  | Gained mutation: Your body has grown many eyes which may
                  | confuse attackers. (Acc +5) [Jiyva's grace]
 27924 | Swamp:1  | Gained mutation: Your body is covered in eyes which may
                  | confuse attackers. (Acc +7, SInv) [Jiyva's grace]
 27924 | Swamp:1  | Gained mutation: Armour fits poorly on your massive
                  | pseudopods. [Jiyva's grace]
 28149 | Swamp:1  | Noticed Jorgrun
 28156 | Swamp:1  | Killed Jorgrun
 28175 | Swamp:1  | Reached XP level 18. HP: 158/169 MP: 19/26
 28264 | Swamp:1  | Identified the +3 mace of Slow Death {freeze, Str+8 Dex-4
                  | Stlth+}
 28334 | Swamp:1  | Paralysed by you for 1 turns
 28379 | Swamp:1  | Identified the +0 chain mail of Indemnity {Str+3 Dex+6}
 28380 | Swamp:1  | Upgraded the game from 0.31-a0-1227-g0136665373 to
                  | 0.31-a0-1237-gabc64e778c
 28541 | Swamp:2  | Found a transporter.
 28542 | Swamp:2  | Found a one-way gate to the infinite horrors of the Abyss.
 28557 | Swamp:2  | Found a transporter.
 28562 | Swamp:2  | Identified the +0 scale mail of Failure {Harm rC++ Will+
                  | Str-4}
 28622 | Swamp:2  | Noticed Ruqos's ghost (adept MiBe)
 29099 | Swamp:3  | Identified the +3 leather armour "Pemmek Soirch" {Int+3}
 29134 | Swamp:3  | Identified the +1 trident of the Poles {flame, ^Contam MP+9
                  | Dex+2}
 29613 | Swamp:4  | Entered Level 4 of the Swamp
 29745 | Swamp:4  | Gained mutation: Your mind is very acute. (Int +8, Str/Dex
                  | -2) [hidden potential]
 29745 | Swamp:4  | Lost mutation: You have great hidden genetic potential.
                  | [hidden potential expressed]
 29771 | Swamp:4  | Lost mutation: Your spells are a little harder to cast, but
                  | a little more powerful. [potion of mutation]
 29771 | Swamp:4  | Lost mutation: Your body is covered in eyes which may
                  | confuse attackers. (Acc +7, SInv) [potion of mutation]
 29771 | Swamp:4  | Lost mutation: Your mind is very acute. (Int +8, Str/Dex
                  | -2) [potion of mutation]
 29771 | Swamp:4  | Lost mutation: You have acidic saliva. [potion of mutation]
 29772 | Swamp:4  | Lost mutation: Your body sometimes deteriorates upon taking
                  | damage. [potion of mutation]
 29772 | Swamp:4  | Lost mutation: Your mind is acute. (Int +4, Str/Dex -1)
                  | [potion of mutation]
 29772 | Swamp:4  | Lost mutation: Your body has grown many eyes which may
                  | confuse attackers. (Acc +5) [potion of mutation]
 29772 | Swamp:4  | Gained mutation: You occasionally lose the ability to drink
                  | potions when taking damage. [potion of mutation]
 29772 | Swamp:4  | Gained mutation: You have supernaturally acute eyesight.
                  | (SInv) [potion of mutation]
 29773 | Swamp:4  | Lost mutation: You expend magic power (3 MP) to strengthen
                  | your wands. [potion of mutation]
 29773 | Swamp:4  | Lost mutation: You have hidden genetic potential. [potion
                  | of mutation]
 29773 | Swamp:4  | Gained mutation: You passively dampen the noise of your
                  | surroundings. [potion of mutation]
 29773 | Swamp:4  | Gained mutation: You are agile. (Dex +4, Str/Int -1)
                  | [potion of mutation]
 29773 | Swamp:4  | Gained mutation: You have a pair of large horns on your
                  | head. [potion of mutation]
 29866 | Swamp:4  | Lost mutation: Armour fits poorly on your massive
                  | pseudopods. [Jiyva's grace]
 29866 | Swamp:4  | Lost mutation: You occasionally lose the ability to drink
                  | potions when taking damage. [Jiyva's grace]
 29866 | Swamp:4  | Gained mutation: You are covered in slimy tendrils that may
                  | disarm your opponents. [Jiyva's grace]
 29866 | Swamp:4  | Gained mutation: Your flesh is heat resistant. (rF+)
                  | [Jiyva's grace]
 29866 | Swamp:4  | Gained mutation: Your flesh is very heat resistant. (rF++)
                  | [Jiyva's grace]
 29866 | Swamp:4  | Gained mutation: Your flesh is almost immune to the effects
                  | of heat. (rF+++) [Jiyva's grace]
 30073 | Swamp:4  | Got a decaying rune of Zot
 30424 | Swamp:2  | Lost mutation: You are agile. (Dex +4, Str/Int -1) [a
                  | cacodemon]
 30429 | Swamp:2  | Reached skill level 10 in Dodging
 30452 | Swamp:2  | Paralysed by accursed screaming for 1 turns
 30463 | Swamp:2  | HP: 6/171 [starcursed mass/accursed screaming (6)]
 30465 | Swamp:2  | HP: 1/171 [starcursed mass/accursed screaming (8)]
 30466 | Swamp:2  | Killed from afar by a starcursed mass

Illustrated notes

Levels and vault maps discovered:
D:1:      wander_arrival_fairy_ring, layout_rooms, serial_forest,
          infiniplex_forest_straight_3, infiniplex_forest_lined_room_2,
          infiniplex_forest_lined_room_2, infiniplex_forest_straight_2,
          infiniplex_forest_corner_1, infiniplex_forest_end_2,
          infiniplex_forest_lined_corner, infiniplex_forest_clump_curved,
          infiniplex_forest_end_2, infiniplex_forest_end_1, bh_walls_and_bars
D:2:      layout_basic, uniq_natasha
D:3:      layout_loops_ring, serial_shops,
          nicolae_shop_temple_entry_statues_fountains,
          hellmonk_ecumenical_altar_watching_god
D:4:      layout_basic, minmay_temple_entry_tees, serial_shops, shop,
          mainiacjoe_sewer_entry_somewhere_in_here_2, uniq_ijyb
D:5:      layout_loops_ring, nicolae_ru_the_path_less_chosen,
          kennysheep_small_square
D:6:      layout_cave_pools, vehumet_statue,
          chequers_temple_overflow_minitemple, serial_shops, shop
D:7:      layout_loops_ring, mainiacjoe_overflow_24_doors,
          kennysheep_generic_room_3
D:8:      layout_loops_cross, uniq_maurice
D:9:      layout_loops_ring, serial_shops, nicolae_shop_tiny_waterfront
D:10:     layout_basic, serial_shops,
          nicolae_shop_temple_entry_statues_fountains
D:11:     layout_loops_ring, minmay_lair_entry_lava, minmay_strange_pillars,
          blue_anna_alchemist, moated_statue, hangedman_decor_slide_cut
D:12:     nicolae_hitomezashi [nicolae_hito_row, nicolae_hito_row,
          nicolae_hito_row, nicolae_hito_row, nicolae_hito_row,
          nicolae_hito_row, nicolae_hito_row, nicolae_hito_row,
          nicolae_hito_row, nicolae_hito_row, nicolae_hito_row,
          nicolae_hito_row, nicolae_hito_row, nicolae_hito_row,
          nicolae_hito_row, nicolae_hito_row, nicolae_hito_row,
          nicolae_hito_row], layout_irregular_city, david_orc_3,
          gauntlet_entry_generic
D:13:     layout_loops_cross, serial_library_hellmonk_open_cross, minivault_4
D:14:     wad_crossroads, layout_layer_cave, grunt_vaults_entry_tiered,
          minmay_crystal_room, serial_shops, shop, grunt_decor_one_mirror
D:15:     gammafunk_depths_entry_grave, layout_rooms, serial_shops, shop,
          ebering_ghost_disaster_area, nemelex_xobeh_ov_fountains_minmay,
          reono_crystal_passage, minmay_guarded_unrand_zonguldrok, uniq_agnes,
          uniq_josephine
Temple:   nicolae_temple_ecumenical_triangle
Lair:1:   layout_chaotic_city
Lair:2:   nzn_winding_woodlands_cross [nzn_winding_woodlands_5x15_lazy_stream,
          nzn_winding_woodlands_5x15_concentric,
          nzn_winding_woodlands_5x15_sawtooth, nzn_winding_woodlands_5x15_pool,
          nzn_winding_woodlands_15x15_eel_pit], layout_gridlike, st_stairs_7,
          kennysheep_snail_temple
Lair:3:   layout_cave_pods, skrybe_swamp_entry_bodies,
          minmay_snake_entry_guardpost_medium, basic_altar, lemuel_fruit_tree,
          uniq_sonja
Lair:4:   layout_loops_ring, minmay_lair_drake_nest, serial_bayou_shore_b,
          grunt_megastairs_4
Lair:5:   minmay_lair_end_enchanted_forest, layout_hall_layers, slime_entry_1,
          dreamdust_gnoll_shepherd, uniq_urug
Swamp:1:  gammafunk_mikee_crab_dinner, layout_falls_marsh, serial_swamp_ruin,
          evilmike_swamp_ruin_house_1, evilmike_swamp_ruin_house_4,
          evilmike_swamp_ruin_rubble_2, swamp_pool_5, hangedman_swamp_dais,
          uniq_mlioglotl, uniq_jorgrun
Swamp:2:  layout_basic_swamp, gammafunk_ghost_abyssal_escape,
          wheals_swamp_sinkhole, swamp_pool_1_2, cheibrodos_swamp_minitomb
Swamp:3:  layout_basic_swamp, nicolae_swamp_bean_lake, swamp_pool_4
Swamp:4:  swamp_basic_johnstein, layout_basic_swamp, swamp_pool_3,
          nicolae_swamp_small_spring
Snake:1:  layout_layer_cave, basic_altar, hangedman_snake_pattern,
          nicolae_snake_yet_another_twisty_hallway, uniq_frances, uniq_aizul,
          uniq_rupert
Snake:2:  layout_cave_shapes, basic_altar, hangedman_feature_mirror,
          nicolae_snake_salamander_stairs, minmay_shop_grove
Snake:3:  layout_misc_corridors, uniq_donald, uniq_vashnia
Snake:4:  snake_pit, layout_onion_interference, grunt_megastairs_5,
          serial_bayou_shore_b, uniq_louise, uniq_kirke
Orc:1:    layout_caves, basic_altar
Orc:2:    st_orc_town, layout_caves

Skill      XL: |  1  2  3  4  5  6  7  8  9 10 11 12 13 14 15 16 17 18 |
---------------+-------------------------------------------------------+-----
Axes           | 2 3 4 5 |  5.4
Armour         | 3 4 5 6 7 8 10 11 12 13 | 13.5
Dodging        | 1 2 3 4 5 6 7 8 9 10 | 10.0
Shields        | 3 4 5 6 8 9 11 12 13 14 | 14.5
Fighting       | 4 5 6 7 8 9 10 11 12 13 | 13.0
Air Magic      | 1 2 3 4 5 |  5.5
Polearms       | 3 5 6 7 9 10 11 12 13 14 | 14.2
Throwing       | 1 2 3 4 |  4.6
Evocations     | 1 3 4 5 6 7 8 9 10 11 | 11.0
Poison Magic   | 1 2 3 4 5 |  5.6
Spellcasting   | 1 2 3 4 5 |  5.5
Stealth        | 1 2 3 |  3.2
Translocations | 2 |  2.9

Action                     |  1- 3 |  4- 6 |  7- 9 | 10-12 | 13-15 | 16-18 || total
---------------------------+-------+-------+-------+-------+-------+-------++-------
  Melee: War axe           |    21 |       |       |       |       |       ||    21
         Hand axe          |    77 |   161 |    38 |       |       |       ||   276
         Spear             |       |       |   245 |   444 |   882 |  1342 ||  2913
         Headbutt          |       |       |    29 |    86 |   184 |   315 ||   614
         Pseudopods        |       |       |       |       |    32 |   304 ||   336
         Bite              |       |       |       |       |       |   116 ||   116
  Throw: Javelin           |       |    13 |     9 |    17 |       |     4 ||    43
         Boomerang         |       |       |       |    20 |    49 |    54 ||   123
   Cast: Poisonous Vapours |       |       |     3 |     5 |       |       ||     8
 Invoke: Oozemancy         |       |       |       |       |     1 |     3 ||     4
         Slimify           |       |       |       |       |       |     1 ||     1
Ability: Evoke Blink       |       |       |       |       |       |     7 ||     7
  Evoke: Wand              |       |       |     2 |     5 |     2 |       ||     9
         Phantom mirror    |       |       |       |       |       |     1 ||     1
         Tin of tremorston |       |       |       |       |       |     3 ||     3
    Use: Potion            |       |     1 |       |     3 |     2 |     3 ||     9
         Scroll            |       |       |    15 |    10 |     9 |     2 ||    36
   Stab: Paralysed         |       |       |     3 |       |     5 |       ||     8
         Confused          |       |       |       |       |       |     6 ||     6
         Distracted        |       |       |       |       |       |     2 ||     2
 Armour: Scale mail        |    68 |   130 |    60 |    55 |    98 |       ||   411
         Leather armour    |       |       |    68 |       |       |       ||    68
         Chain mail        |       |       |    19 |   254 |       |       ||   273
         Plate armour      |       |       |       |       |   605 |   863 ||  1468
  Dodge: Dodged            |    43 |   105 |   127 |   141 |   261 |   269 ||   946
  Block: Buckler           |    15 |    41 |    53 |    89 |   375 |   624 ||  1197
         Reflection        |       |       |       |       |    31 |    61 ||    92

Table legend: (Time is in decaauts)
 A = Elapsed time spent in this place.
 B = Non-inter-level travel time spent in this place.
 C = Inter-level travel time spent in this place.
 D = Time resting spent in this place.
 E = Time spent auto-exploring this place.
 F = Levels seen in this place.
 G = Mean time per level.
                   A        B        C        D        E       F      G
               +--------+--------+--------+--------+--------+-----+--------+
         Total |  30536 |  28960 |   1576 |      0 |  22439 |  32 |  954.2 |
       Dungeon |  13766 |  13126 |    640 |      0 |  10353 |  15 |  917.7 |
        Temple |      1 |      1 |      0 |      0 |      0 |   1 |    1.0 |
          Lair |   7477 |   7102 |    375 |      0 |   5838 |   5 | 1495.4 |
         Swamp |   3168 |   2944 |    224 |      0 |   2134 |   4 |  792.0 |
     Snake Pit |   4762 |   4520 |    242 |      0 |   3203 |   4 | 1190.5 |
  Orcish Mines |   1168 |   1074 |     94 |      0 |    820 |   2 |  584.0 |
         Sewer |    191 |    191 |      0 |      0 |     90 |   1 |  191.0 |
               +--------+--------+--------+--------+--------+-----+--------+

Top non-repeatable levels by time:
  Lair:2: 1924 daAuts
 Snake:1: 1768 daAuts
  Lair:5: 1736 daAuts
 Snake:4: 1683 daAuts
  Lair:3: 1635 daAuts
    D:11: 1575 daAuts
    D:14: 1447 daAuts
     D:9: 1129 daAuts
  Lair:4: 1094 daAuts
  Lair:1: 1087 daAuts
 Swamp:1: 1042 daAuts
    D:10: 977 daAuts
     D:5: 956 daAuts
     D:4: 935 daAuts
    D:15: 894 daAuts
